 Dungeon Crawl Stone Soup version 0.13-a0-2688-gfd9909a (webtiles) character file.

175 Kae the Ruinous (level 4, -2/24 HPs)
             Began as a Tengu Fire Elementalist on Aug 14, 2013.
             Slain by Sigmund
             ... wielding a +5,+1 scythe of protection
              (3 damage)
             ... on Level 2 of the Dungeon.
             The game lasted 00:02:04 (1785 turns).

Kae the Ruinous (Tengu Fire Elementalist)           Turns: 1785, Time: 00:02:05

HP  -2/24        AC  2     Str  9      XL: 4   Next: 22%
MP   2/8         EV 12     Int 16      God:
Gold 105         SH  0     Dex 14      Spells:  2 memorised,  2 levels left

Res.Fire  : . . .   See Invis. : .   e - +0 short sword
Res.Cold  : . . .   Warding    : .   a - +0 robe
Life Prot.: . . .   Conserve   : .   (no shield)
Res.Poison: .       Res.Corr.  : .   (helmet restricted)
Res.Elec. : .       Clarity    : .   (no cloak)
Sust.Abil.: . .     Spirit.Shd : .   (no gloves)
Res.Mut.  : .       Stasis     : .   (boots unavailable)
Res.Rott. : .       Flight     : .   (no amulet)
Saprovore : . . .                    (no ring)
                                     (no ring)

@: slightly resistant to hostile enchantments, fairly stealthy
A: beak, talons 3
a: no special abilities


You were on level 2 of the Dungeon.
You were hungry.

You visited 1 branch of the dungeon, and saw 2 of its levels.

You collected 85 gold pieces.

Inventory:

Hand weapons
 e - a +0,+0 short sword (weapon)
Missiles
 h - 35 darts (quivered)
Armour
 a - a +0 robe (worn)
Comestibles
 c - 2 bread rations
 d - 2 chokos
 i - an apple
Scrolls
 f - a scroll of curse armour {unknown}
 g - a scroll of remove curse {unknown}
 j - a scroll of blinking {unknown}
 k - a scroll of recharging {unknown}
 l - a scroll of identify {unknown}
Potions
 m - a potion of curing {unknown}
Books
 b - a book of Flames

   Spells                             Type                      Level
   *Flame Tongue                      Conjuration/Fire             1
   *Throw Flame                       Conjuration/Fire             2
   Conjure Flame                      Conjuration/Fire             3
   Inner Flame                        Hexes/Fire                   3
   Sticky Flame                       Conjuration/Fire             4
   Fireball                           Conjuration/Fire             5


   Skills:
 - Level 2.1 Dodging
 - Level 2.0 Stealth
 + Level 1.4 Spellcasting
 * Level 4.2 Conjurations
 + Level 3.8 Fire Magic


You had 2 spell levels left.
You knew the following spells:

 Your Spells              Type           Power        Failure   Level  Hunger
a - Flame Tongue          Conj/Fire      ##...        6%          1    ##.....
b - Throw Flame           Conj/Fire      ##....       10%         2    ###....


Dungeon Overview and Level Annotations

Branches:
Dungeon (2/27)

Altars:

Annotations
D:2 Sigmund


Innate Abilities, Weirdness & Mutations

You have a beak for a mouth.
You have claws for feet.


Message History

The flame misses Sigmund.
Sigmund casts a spell.
Sigmund flickers and vanishes!
Deactivating autopickup; reactivate with Ctrl-A.
Casting: Flame Tongue
Confirm with . or Enter, or press ? or * to list all spells.
You can't see any susceptible monsters within range! (Use Z to cast anyway.)
Casting: Flame Tongue
Confirm with . or Enter, or press ? or * to list all spells.
You can't see any susceptible monsters within range! (Use Z to cast anyway.)
Casting: Flame Tongue
Confirm with . or Enter, or press ? or * to list all spells.
You can't see any susceptible monsters within range! (Use Z to cast anyway.) It hits you!
Ouch! That really hurt!
You barely miss it. You peck it. It hits you!
* * * LOW HITPOINT WARNING * * *
You barely miss it. You barely miss it. You claw it. It hits you.
You die...

#####........##...
#...........#
#........####
##.####### #..##
##..#### ##....#
########'##
........@.#
..........#
.........+
.........#
......(..#
#########


There were no monsters in sight!

Vanquished Creatures
  3 adders (D:2)
  3 oozes (D:1)
  2 ball pythons (D:1)
  6 bats (D:1)
  2 giant cockroaches
  6 goblins (D:1)
  2 hobgoblins (D:1)
  A quokka (D:2)
  2 giant newts (D:1)
  2 jackals (D:1)
  5 kobolds (D:1)
  5 rats
39 creatures vanquished.

Notes
Turn   | Place    | Note
--------------------------------------------------------------
     0 | D:1      | Kae, the Tengu Fire Elementalist, began the quest for the Orb.
     0 | D:1      | Reached XP level 1. HP: 10/10 MP: 3/3
   241 | D:1      | Reached XP level 2. HP: 13/15 MP: 5/5
   662 | D:1      | Reached XP level 3. HP: 16/19 MP: 6/6
  1329 | D:2      | Reached XP level 4. HP: 13/24 MP: 3/8
  1330 | D:2      | Reached skill level 4 in Conjurations
  1342 | D:2      | Learned a level 2 spell: Throw Flame
  1774 | D:2      | Noticed Sigmund
  1783 | D:2      | HP: 1/24 [something (7)]
  1785 | D:2      | Slain by Sigmund

Action                   |  1- 3 |  4- 6 || total
-------------------------+-------+-------++-------
Melee: Short sword       |    50 |     3 ||    53
       Unarmed           |     1 |       ||     1
 Cast: Flame Tongue      |    29 |    13 ||    42
 Stab: Sleeping          |     1 |       ||     1
